 Dungeon Crawl Stone Soup version 0.28.0-43-g3370ac3207 (webtiles) character file.

Game seed: 6459355535480794199

2274 mortz the Destroyer (level 9, 0/46 HPs)
             Began as a Tengu Conjurer on Mar 27, 2022.
             Was a Believer of Vehumet.
             Slain by a killer bee (4 damage)
             ... on level 7 of the Dungeon.
             The game lasted 00:47:25 (9002 turns).

mortz the Destroyer (Tengu Conjurer)                Turns: 9002, Time: 00:47:26

Health: 0/46       AC:  8    Str:  7    XL:     9   Next: 39%
Magic:  15/18      EV: 17    Int: 23    God:    Vehumet [**....]
Gold:   474        SH:  0    Dex: 19    Spells: 2/19 levels left

rFire   . . .      SeeInvis .   z - +2 short sword (venom) {short}
rCold   . . .      Faith    .   (no shield)
rNeg    + . .      Spirit   .   R - +2 steam dragon scales
rPois   .          Reflect  .   (helmet restricted)
rElec   .          Harm     .   (no cloak)
rCorr   .          Rampage  .   (no gloves)
Will    .....                   (boots unavailable)
Stlth   +++.......              (no amulet)
HPRegen 0.15/turn               F - +6 ring of dexterity
MPRegen 0.16/turn               G - ring of positive energy

@: lethally poisoned (0 -> -6), flying quickly and evasively, quick
A: beak, talons 3, nimble flight
a: Renounce Religion


You were on level 7 of the Dungeon.
You worshipped Vehumet.
Vehumet was pleased with you.
You visited 2 branches of the dungeon, and saw 9 of its levels.
You also visited: Ossuary.

You collected 474 gold pieces.


Innate Abilities, Weirdness & Mutations

You have a beak for a mouth.
You have claws for feet.
Your magical nature lets you fly swiftly and evasively.


   Skills:
 + Level 0.6 Fighting
 + Level 1.0 Long Blades
 + Level 5.4 Armour
 + Level 4.1 Dodging
 + Level 3.8 Stealth
 + Level 5.6 Spellcasting
 + Level 10.7 Conjurations
 * Level 1.7 Hexes
 * Level 2.4 Fire Magic
 + Level 0.1 Air Magic


You had 2 spell levels left.
You knew the following spells:

 Your Spells              Type           Power      Damage    Failure   Level
a - Magic Dart            Conj           100%       1d8       1%          1
b - Searing Ray           Conj           100%       2d8       1%          2
c - Foxfire               Conj/Fire      100%       2x1d9     1%          1
d - Flame Wave            Conj/Fire      36%        2d9       6%          4
e - Static Discharge      Conj/Air       31%        N/A       1%          2
f - Iskenderun's Mystic   Conj/Tloc      31%        2d8       10%         4
g - Inner Flame           Hex/Fire       16%        N/A       11%         3

Your spell library contained the following spells:

 Spells                   Type           Power      Damage    Failure   Level
 Pain                     Necr           24%        1d5       9%          1
 Call Imp                 Summ           6%         N/A       13%         2
 Conjure Flame            Conj/Fire      36%        6-21      1%          3
 Dazzling Flash           Conj/Hex       70%        N/A       1%          3
 Mephitic Cloud           Conj/Pois/Air  23%        N/A       6%          3
 Fulminant Prism          Conj/Hex       17%        3d11      7%          4

Inventory:

Hand Weapons
 c - a +0 whip {mace}
   (You took it off a kobold on level 1 of the Dungeon)
 d - a +0 short sword {short}
   (You took it off a kobold on level 1 of the Dungeon)
 p - a +0 spear {polearm}
   (You found it on level 1 of the Dungeon)
 q - a +0 long sword {long}
   (You found it on level 2 of the Dungeon)
 y - a +2 dagger of speed {short}
   (You took it off an orc wizard on level 4 of the Dungeon)
 z - a +2 short sword of venom (weapon) {short}
   (You found it on level 5 of the Dungeon)
 B - a +0 flail {mace}
   (You took it off an orc on level 5 of the Dungeon)
 C - a +0 dagger of holy wrath {short}
   (You took it off an orc on level 5 of the Dungeon)
 P - a +1 short sword of electrocution {short}
   (You took it off a kobold on level 7 of the Dungeon)
 S - a +2 vorpal broad axe {axe}
   (You took it off Maggie on level 7 of the Dungeon)
Missiles
 e - 161 stones {throwing}
 w - 57 bolts
 A - a throwing net {=f!fthrowing}
 D - 89 arrows
 Q - 8 poisoned darts {throwing}
Armour
 a - a +0 robe
 i - a +0 leather armour
   (You found it on level 1 of the Dungeon)
 x - a +0 plate armour
   (You found it on level 4 of the Dungeon)
 R - +2 steam dragon scales (worn)
   (You took it off Maggie on level 7 of the Dungeon)
Jewellery
 F - a +6 ring of dexterity (left hand)
   (You found it on level 6 of the Dungeon)
 G - a ring of positive energy (right hand)
   (You found it on level 6 of the Dungeon)
 M - a ring of flight
   (You found it on level 7 of the Dungeon)
 O - a ring of protection from fire
   (You found it on level 7 of the Dungeon)
Wands
 H - a wand of iceblast (9)
   (You found it on level 6 of the Dungeon)
Scrolls
 b - a scroll of immolation {!r!r}
 f - 2 scrolls of magic mapping {!r}
 h - 2 scrolls of silence {!r}
 k - a scroll of enchant weapon
 n - a scroll of fear
 o - a scroll of fog
 r - a scroll of amnesia {unknown}
 t - a scroll of blinking {unknown}
 E - a scroll of noise {unknown}
 L - a scroll of teleportation {unknown}
Potions
 g - a potion of flight {unknown}
 j - a potion of ambrosia {unknown}
 l - a potion of invisibility {unknown}
 m - 2 potions of magic
 s - 2 potions of curing {@q1}
 u - 2 potions of heal wounds {@q2}
 v - 3 potions of mutation {unknown}
 I - a potion of brilliance {unknown}
 J - 2 potions of attraction {unknown}
 K - a potion of lignification {unknown}
 N - a potion of berserk rage {unknown}

Dungeon Overview and Level Annotations

Branches:
Dungeon (8/15)             Temple (1/1) D:5         Ossuary (visited)
   Lair: D:8-11

Altars:
Ashenzari
Cheibriados
Dithmenos
Elyvilon
Fedhas
Gozag
Hepliaklqana
Kikubaaqudgha
Makhleb
Nemelex Xobeh
Okawaru
Qazlal
Ru
Sif Muna
Trog
Uskayaw
Vehumet
Wu Jian
Xom
Yredelemnul
Zin
The Shining One

Annotations:
D:4 1 runed translucent door, hehateme's ghost, amateur KoSu
D:7 Duvessa; Joseph
D:8 Erica

.......# #######
..###..# #.....#
..##...######.....#
.......#....#.....#
..##........#.....#
..##..##....#.....#
..######....'.....#
............#..y..#
............#..y@.#
............#..y..#
#.##.###.##.#.....#
####.###.##.####'##
#................#
#................#
#................#
#...###..##+###..#
#######..##..##..#


You could see 3 killer bees.


Message History

You reach down and open the door.
There is an open door here.
There is an open door here.
There is an open door here.
There is an open door here.
There is a stone staircase leading down here.
Found an escape hatch in the ceiling.
There is an escape hatch in the ceiling here.
There is an open door here.
There is an open door here.
There is an open door here.
There is a stone staircase leading up here.
There is a stone staircase leading down here.
You fly downwards.
There is a stone staircase leading up here.
Erica shouts!
You fly upwards.
Level annotation: Duvessa; Joseph
There is a stone staircase leading down here.
There is an open door here.
There is an open door here.
There is a stone staircase leading down here.
You fly downwards.
Level annotation: Erica
There is a stone staircase leading up here.
Casting: Searing Ray (safe; 1% risk of failure)
Confirm with . or Enter, or press ? or * to list all spells.
Aiming: Searing Ray (safe; 1% risk of failure)
Press: ? - help, Shift-Dir - straight line, f - killer bee
Aim: a killer bee (asleep, 100% to hit)
Okay, then.
Casting: Searing Ray (safe; 1% risk of failure)
Confirm with . or Enter, or press ? or * to list all spells.
You conjure some foxfire!
The killer bee buzzes angrily. x3
A centaur comes into view.
The killer bee closely misses you. The killer bee barely misses you.
The foxfire hits the killer bee.
You hear a shout! 😎 MP[-1]
You lost 1 mp, and now have 17/18 mp.
Casting: Foxfire (safe; 1% risk of failure)
Confirm with . or Enter, or press ? or * to list all spells.
You conjure some foxfire!
The foxfire hits the centaur!
The killer bee closely misses you. The killer bee barely misses you.
The foxfire hits the killer bee!
The killer bee stings you.
You are poisoned.
The killer bee poisons you! 😕 HP[-5] MP[-1]
You take 5 damage, and now have 41/46 hp.
You lost 1 mp, and now have 16/18 mp.
Casting: Foxfire (safe; 1% risk of failure)
Confirm with . or Enter, or press ? or * to list all spells.
You conjure some foxfire!
You feel sick. The killer bee closely misses you.
The killer bee barely misses you.
An orc comes into view. It is wielding a +0 club.
The killer bee closely misses you. x2; The killer bee stings you.
You are more poisoned.
The killer bee poisons you! 😕 HP[-4] MP[-1]
You take 4 damage, and now have 37/46 hp.
You lost 1 mp, and now have 15/18 mp.
You feel very sick. The killer bee barely misses you.
The killer bee completely misses you. The killer bee stings you.
The foxfire hits the killer bee.
The killer bee misses you. The killer bee stings you.
The killer bee misses you.
You fly upwards.
Your mindless puppet stays behind to rot.
Level annotation: Duvessa; Joseph You feel very sick.
There is a stone staircase leading down here. 😨 HP[-14]
You take 14 damage, and now have 23/46 hp.
MASSIVE DAMAGE!! (PAUSE)
Casting: Foxfire (safe; 1% risk of failure)
Confirm with . or Enter, or press ? or * to list all spells.
You conjure some foxfire!
You feel sick. The killer bee barely misses you. The killer bee stings you!
* * * LOW HITPOINT WARNING * * *
You are lethally poisoned!
The killer bee poisons you! The killer bee stings you!
* * * LOW HITPOINT WARNING * * *
The killer bee closely misses you. The killer bee stings you.
* * * LOW HITPOINT WARNING * * *
You are more poisoned.
The killer bee poisons you!
The killer bee completely misses you. 😱 HP[-21]
You take 21 damage, and now have 2/46 hp.
MASSIVE DAMAGE!! (PAUSE)
You feel better.
The foxfire hits the killer bee!
The foxfire hits the killer bee.
The killer bee stings you.
* * * LOW HITPOINT WARNING * * *
The killer bee closely misses you. The killer bee stings you.
* * * LOW HITPOINT WARNING * * *
You are lethally poisoned!
The killer bee poisons you!
The killer bee stings you but does no damage.
The killer bee stings you.
You die...

Skill      XL: |  1  2  3  4  5  6  7  8  9 |
---------------+----------------------------+-----
Conjurations   | 6 7 8 10 | 10.7
Armour         | 1 2 4 5 |  5.4
Spellcasting   | 3 4 5 |  5.6
Dodging        | 3 4 |  4.1
Stealth        | 3 |  3.8
Long Blades    | 1 |  1.0
Fire Magic     | 1 2 |  2.4
Hexes          | 1 |  1.7
Fighting       | |  0.6
Air Magic      | |  0.1

Action                   |  1- 3 |  4- 6 |  7- 9 || total
-------------------------+-------+-------+-------++-------
Melee: Short sword       |     1 |       |       ||     1
       Kick              |     1 |       |       ||     1
       Long sword        |       |     3 |       ||     3
 Cast: Magic Dart        |    39 |    39 |    26 ||   104
       Searing Ray       |    16 |    21 |    54 ||    91
       Foxfire           |       |       |    17 ||    17
       Static Discharge  |       |       |     3 ||     3
       Flame Wave        |       |       |     1 ||     1
  Use: Scroll            |       |     5 |     6 ||    11
       Potion            |       |       |     1 ||     1
Armor: Leather armour    |     1 |     7 |     9 ||    17
       Steam dragon scal |       |       |     1 ||     1
Dodge: Dodged            |     7 |    30 |    56 ||    93

Levels and vault maps discovered:
D:1:      saegor_arrival_simple_b, layout_loops_cross, st_stairs_1,
          serial_bayou_lagoon_a, minmay_misc_feat_alley
D:2:      layout_basic, ebering_ecumenical_altar_ruins
D:3:      layout_basic, minmay_misc_feat_more_columns
D:4:      layout_cave_pools, led_sif_book, ebering_ghost_reflecting_pool
D:5:      layout_basic, minmay_temple_entry_large_hall
D:6:      layout_loops_cross
D:7:      layout_gridville, nicolae_ossuary_entry_ruins,
          amcnicky_mini_pool_small, uniq_maggie, uniq_joseph, uniq_duvessa
D:8:      layout_loops_corners, chequers_serial_rivers_micro_a, minivault_5,
          minmay_misc_feat_encased, minmay_misc_feat_rows, st_stairs_8,
          chequers_serial_rivers_micro_c, uniq_erica, uniq_grum, uniq_gastronok
Temple:   mainiacjoe_temple_archimedes_tessellation

Notes
Turn   | Place    | Note
-------+----------+-------------------------------------------
     0 | D:1      | mortz the Tengu Conjurer began the quest for the Orb.
     0 | D:1      | Reached XP level 1. HP: 10/10 MP: 4/4
     0 | D:1      | magus.rc [v1.9.6]
    77 | D:1      | Reached XP level 2. HP: 15/15 MP: 0/6
   135 | D:1      | Learned a level 2 spell: Searing Ray
   453 | D:1      | Reached skill level 6 in Conjurations
   847 | D:1      | Reached XP level 3. HP: 19/19 MP: 5/7
  1680 | D:2      | Reached XP level 4. HP: 24/24 MP: 3/8
  1809 | D:2      | Found a faded altar of an unknown god.
  2153 | D:2      | You fall into a shaft and drop 2 floors!
  2167 | D:4      | Reached skill level 7 in Conjurations
  2205 | D:4      | Reached skill level 1 in Armour
  2205 | D:4      | Gained mutation: Your magical nature lets you fly swiftly
                  | and evasively. [Tengu growth]
  2205 | D:4      | Reached XP level 5. HP: 22/28 MP: 2/10
  2222 | D:3      | HP: 6/28 [hound (5)]
  2251 | D:3      | HP: 3/28 [jackal (2)]
  2846 | D:3      | Noticed an ice beast
  3178 | D:3      | Killed an ice beast
  3179 | D:3      | Reached skill level 3 in Spellcasting
  3179 | D:3      | Reached skill level 8 in Conjurations
  3179 | D:3      | Reached XP level 6. HP: 19/33 MP: 1/11
  3566 | D:4      | Found a runed translucent door.
  3762 | D:4      | Noticed hehateme's ghost (amateur KoSu)
  4087 | D:4      | Reached skill level 2 in Armour
  4124 | D:4      | Found a shimmering blue altar of Sif Muna.
  4204 | D:4      | Got Sif Muna's Tome of Sinister Magic
  4266 | D:5      | Entered Level 5 of the Dungeon
  4290 | D:5      | Reached skill level 3 in Dodging
  4290 | D:5      | Reached XP level 7. HP: 37/37 MP: 5/13
  4360 | D:5      | Found a staircase to the Ecumenical Temple.
  4374 | Temple   | Entered the Ecumenical Temple
  4493 | Temple   | Became a worshipper of Vehumet
  4598 | D:5      | You pick up a book of Flames and begin reading...
  4598 | D:5      | You add the spells Foxfire, Conjure Flame, Inner Flame and
                  | Flame Wave to your library.
  4605 | D:5      | Learned a level 1 spell: Foxfire
  4980 | D:5      | Reached skill level 3 in Armour
  4980 | D:5      | Reached skill level 4 in Spellcasting
  5234 | D:5      | Reached skill level 3 in Stealth
  5423 | D:5      | Reached skill level 1 in Long Blades
  5708 | D:6      | Reached skill level 4 in Armour
  5708 | D:6      | Reached XP level 8. HP: 42/42 MP: 9/15
  5833 | D:6      | Reached skill level 9 in Conjurations
  6721 | D:7      | Found a sand-covered staircase.
  6726 | Ossuary  | Entered an ossuary
  6736 | Ossuary  | Reached * piety under Vehumet
  6736 | Ossuary  | Offered knowledge of Freeze by Vehumet.
  6971 | Ossuary  | Reached skill level 5 in Spellcasting
  6971 | Ossuary  | Reached skill level 1 in Fire Magic
  7448 | D:7      | Reached skill level 1 in Hexes
  7589 | D:7      | Learned a level 4 spell: Flame Wave
  7595 | D:7      | Noticed Duvessa
  7658 | D:7      | Offered knowledge of Static Discharge by Vehumet.
  7659 | D:7      | Reached ** piety under Vehumet
  7668 | D:7      | Reached skill level 10 in Conjurations
  7771 | D:7      | Noticed Joseph
  7847 | D:7      | Reached XP level 9. HP: 46/46 MP: 11/18
  7890 | D:7      | Learned a level 2 spell: Static Discharge
  7895 | D:7      | Learned a level 4 spell: Iskenderun's Mystic Blast
  7899 | D:7      | Learned a level 3 spell: Inner Flame
  7945 | D:7      | Reached skill level 2 in Fire Magic
  7955 | D:7      | Reached skill level 5 in Armour
  8070 | D:7      | Reached skill level 4 in Dodging
  8104 | D:7      | You pick up a book of Minor Magic and begin reading...
  8104 | D:7      | You add the spells Call Imp and Mephitic Cloud to your
                  | library.
  8274 | D:7      | Noticed Maggie
  8578 | D:7      | Killed Maggie
  8952 | D:8      | Noticed Erica
  9001 | D:7      | HP: 7/46 [killer bee (7)]
  9001 | D:7      | HP: 2/46 [killer bee (5)]
  9002 | D:7      | Slain by a killer bee

Vanquished Creatures
  Maggie (D:7)
  2 water moccasins
  An ice beast (D:3)
  3 ogres (D:5)
  3 centaurs (D:7)
  A phantom (D:5)
  A kobold brigand (D:7)
  A bullfrog (D:7)
  A scorpion (D:6)
  3 water moccasin zombies
  2 centaur zombies (D:7)
  A bullfrog zombie (D:6)
  3 hounds
  A centaur skeleton (D:7)
  2 jellies
  A bullfrog skeleton (D:5)
  3 iguanas
  4 orc wizards
  2 mummies (Ossuary)
  9 adders
  A shadow imp (D:6)
  A white imp (D:5)
  2 ufetubi (D:6)
  5 adder zombies (Ossuary)
  4 worms
  5 dart slugs
  11 orcs
  8 ball pythons
  9 bats
  6 endoplasms
  A giant cockroach (D:2)
  4 gnoll zombies (Ossuary)
  4 goblins
  7 hobgoblins
  4 jackals
  11 kobolds
  2 quokkas
  4 frilled lizards (D:1)
  6 hobgoblin zombies (Ossuary)
  2 kobold zombies (Ossuary)
  4 orc zombies (Ossuary)
  9 rats
155 creatures vanquished.

Vanquished Creatures (others)
  29 foxfires
  11 plants (D:1)
40 creatures vanquished.

Grand Total: 195 creatures vanquished

Table legend:
 A = Non-vault XP
 B = Vault XP
 C = Vault XP percentage of total XP
 D = Non-vault monster count
 E = Vault monster count
 F = Vault count percentage of total count
                 A         B        C        D         E       F
            +---------+---------+-------+---------+---------+-------
      Total |    2536 |     713 |  21.9 |     125 |      30 |  19.4
            +---------+---------+-------+---------+---------+-------
        D:1 |      46 |       3 |   6.1 |      25 |       2 |   7.4
        D:2 |      87 |       0 |   0.0 |      26 |       0 |   0.0
        D:3 |     202 |       0 |   0.0 |      13 |       0 |   0.0
        D:4 |      93 |      68 |  42.2 |      13 |       2 |  13.3
        D:5 |     652 |       0 |   0.0 |      15 |       0 |   0.0
        D:6 |     576 |       0 |   0.0 |      17 |       0 |   0.0
        D:7 |     880 |     404 |  31.5 |      16 |       1 |   5.9
    Ossuary |       0 |     238 | 100.0 |       0 |      25 | 100.0
            +---------+---------+-------+---------+---------+-------

Illustrated notes

Table legend:
 A = Kills in this place as a percentage of kills in entire the game.
 B = Kills by you in this place as a percentage of kills by you in the entire game.
 C = Kills by friends in this place as a percentage of kills by friends in the entire game.
 D = Other kills in this place as a percentage of other kills in the entire game.
 E = Experience gained in this place as a percentage of experience gained in the entire game.
 F = Experience gained in this place divided by the number of levels of this place that you have seen.
                   A       B       C       D       E      F
               +-------+-------+-------+-------+-------+----------------------
         Total | 100.0 | 100.0 |   N/A |   N/A | 100.0 | 324.9
       Dungeon |  83.9 |  83.9 |   N/A |   N/A |  92.7 | 376.4
       Ossuary |  16.1 |  16.1 |   N/A |   N/A |   7.3 | 238.0
               +-------+-------+-------+-------+-------+----------------------

Table legend: (Time is in decaauts)
 A = Elapsed time spent in this place.
 B = Non-inter-level travel time spent in this place.
 C = Inter-level travel time spent in this place.
 D = Time resting spent in this place.
 E = Time spent auto-exploring this place.
 F = Levels seen in this place.
 G = Mean time per level.
                   A        B        C        D        E       F      G
               +--------+--------+--------+--------+--------+-----+--------+
         Total |   8666 |   8291 |    375 |   2203 |   4591 |  10 |  866.6 |
       Dungeon |   8003 |   7651 |    352 |   1907 |   4422 |   8 | 1000.4 |
        Temple |    194 |    171 |     23 |      0 |    150 |   1 |  194.0 |
       Ossuary |    468 |    468 |      0 |    296 |     18 |   1 |  468.0 |
               +--------+--------+--------+--------+--------+-----+--------+

Top non-repeatable levels by time:
     D:7: 1472 daAuts
     D:1: 1354 daAuts
     D:6: 1338 daAuts
     D:2: 1302 daAuts
     D:5: 1021 daAuts
     D:3: 781 daAuts
     D:4: 725 daAuts
 Ossuary: 468 daAuts
  Temple: 194 daAuts
     D:8: 7 daAuts
